 Dungeon Crawl Stone Soup version 0.20.0-8-g6b59dc7 (webtiles) character file.

3337 oshikia the Martial Artist (level 9, -1/70 HPs)
             Began as a Demonspawn Gladiator on June 1, 2017.
             Was a Follower of Dithmenos.
             Slain by a hornet (12 damage)
             ... while paralysed by a hornet
             ... on level 9 of the Dungeon on June 2, 2017.
             The game lasted 00:24:43 (7255 turns).

oshikia the Martial Artist (Demonspawn Gladiator)   Turns: 7255, Time: 00:24:44

Health: -1/70      AC:  5    Str: 14    XL:     9   Next: 72%
Magic:  11/11      EV:  2    Int: 11    God:    Dithmenos [*.....]
Gold:   278        SH:  0    Dex: 17    Spells: 11/11 levels left

rFire    . . .     SeeInvis +   A - +6 whip of the Fox {venom, +Inv rElec Dex+3}
rCold    . . .     Gourm    .   I - +0 buckler
rNeg     . . .     Faith    .   a - +0 leather armour
rPois    .         Spirit   .   F - +2 hat
rElec    +         Reflect  .   (no cloak)
rCorr    .         Harm     .   (no gloves)
MR       .....                  (no boots)
Stlth    ++++......             y - amulet of regeneration
Regen    0.7/turn               C - ring of see invisible
MPRegen  0.2/turn               E - -3 ring of dexterity (curse)

@: paralysed, lethally poisoned (-1 -> -6), slowed, wreathed by umbra
A: claws 1, hooves 1, horns 1, robust 1, spiny 1, wild magic 1, rot immunity
a: Renounce Religion, Evoke Invisibility


You were on level 9 of the Dungeon.
You worshipped Dithmenos.
Dithmenos was aware of your devotion.
You were hungry.

You visited 2 branches of the dungeon, and saw 10 of its levels.

You collected 278 gold pieces.

Inventory:

Hand Weapons
 A - the +6 whip of the Fox (weapon) {venom, +Inv rElec Dex+3}
   (You found it on level 4 of the Dungeon)

   It poisons the flesh of those it strikes.
   It affects your dexterity (+3).
   It insulates you from electricity.
   It lets you turn invisible.
Armour
 a - a +0 leather armour (worn)
 b - a +0 helmet
 F - a +2 hat (worn)
 I - a +0 buckler (worn)
Jewellery
 y - an amulet of regeneration (around neck)
 C - a ring of see invisible (left claw)
 D - an uncursed ring of fire
 E - a cursed -3 ring of dexterity (right claw)
Wands
 z - a wand of digging (19/24)
Scrolls
 f - a scroll of remove curse {unknown}
 h - 2 scrolls of enchant armour {unknown}
 i - a scroll of fear {unknown}
 j - 12 scrolls of identify
 l - a scroll of immolation {unknown}
 p - a scroll of amnesia {unknown}
 q - 3 scrolls of random uselessness {unknown}
 s - 3 scrolls of teleportation {unknown}
 v - a scroll of noise {unknown}
 B - a scroll of fog {unknown}
Potions
 c - 2 potions of might
 e - 2 potions of mutation
 g - 2 potions of degeneration
 m - 4 potions of curing
 t - a potion of berserk rage
 w - 2 potions of brilliance
Books
 r - a book of Misfortune

   Spells                             Type                      Level
   a - Confusing Touch                Hexes                        1
   b - Confuse                        Hexes                        3
   c - Gell's Gravitas                Translocation                3
   d - Petrify                        Transmutation/Earth          4
   e - Metabolic Englaciation         Hexes/Ice                    5
   f - Yara's Violent Unravelling     Hexes/Transmutation          5
 u - a book of Maledictions

   Spells                             Type                      Level
   a - Corona                         Hexes                        1
   b - Ensorcelled Hibernation        Hexes/Ice                    2
   c - Confuse                        Hexes                        3
   d - Tukima's Dance                 Hexes                        3
   e - Dazzling Spray                 Conjuration/Hexes            3
 x - a book of Changes

   Spells                             Type                      Level
   a - Beastly Appendage              Transmutation                1
   b - Sticks to Snakes               Transmutation                2
   c - Spider Form                    Transmutation/Poison         3
   d - Ice Form                       Ice/Transmutation            4
   e - Blade Hands                    Transmutation                5
 G - a book of Burglary

   Spells                             Type                      Level
   a - Swiftness                      Charms/Air                   2
   b - Passwall                       Transmutation/Earth          2
   c - Passage of Golubria            Translocation                4
   d - Lee's Rapid Deconstruction     Earth                        5
   e - Darkness                       Hexes                        6
   f - Invisibility                   Hexes                        6
 H - a book of Necromancy

   Spells                             Type                      Level
   a - Pain                           Necromancy                   1
   b - Animate Skeleton               Necromancy                   1
   c - Vampiric Draining              Necromancy                   3
   d - Regeneration                   Charms/Necromancy            3
   e - Animate Dead                   Necromancy                   4
   f - Control Undead                 Necromancy                   4
Comestibles
 d - 10 bread rations
 k - 2 meat rations
 n - 5 royal jellies
 o - 12 fruits


   Skills:
 + Level 3.5 Fighting
 - Level 1.7 Throwing
 + Level 2.7 Armour
 + Level 3.7 Dodging
 + Level 6.2 Stealth
 + Level 1.3 Shields
 * Level 10.1 Unarmed Combat
 + Level 1.7 Spellcasting


You had 11 spell levels left.
You didn't know any spells.

Dungeon Overview and Level Annotations

Branches:
Dungeon (9/15)             Temple (1/1) D:5            Lair (0/6) D:8
    Orc: D:9-12

Altars:
Ashenzari
Cheibriados
Dithmenos
Fedhas
Gozag
Nemelex Xobeh
Okawaru
Ru
Sif Muna
Vehumet
Xom
Yredelemnul
Zin
The Shining One

Shops:
D:5 (


Innate Abilities, Weirdness & Mutations

You have sharp fingernails.
You have large cloven feet.
You have a pair of small horns on your head.
You are partially covered in sharp spines.
You are immune to rotting.
You are robust. (+10% HP)
Your spells are a little harder to cast, but a little more powerful.


Message History

You feel as though you will be slow longer.
The soldier ant stings you but does no damage.
A soldier ant comes into view.
You feel sick.
The hornet stings you but does no damage.
A soldier ant comes into view.
The soldier ant twitches its antennae in your direction.
You whack the hornet! You kick the hornet, but do no damage.
The hornet is heavily wounded.
You feel sick. The hornet is struck by your spines.
The hornet closely misses you. The hornet stings you.
* * * LOW HITPOINT WARNING * * *
You are more poisoned.
You suddenly lose the ability to move!
The hornet stings you but does no damage.
You feel sick. The hornet is struck by your spines. The hornet stings you.
* * * LOW HITPOINT WARNING * * *
You feel as though you will be slow longer.
You feel sick. The hornet is struck by your spines. The hornet stings you!
You die...

######### ##
#......#.#.#
#.##...##a#
#.#....@y#.#
#.#.#..##a#.#
#.#....# ####
##.###.#######
#.<...........
#.####.#######
#.# #.# #.#
#.# #.# #.#


You could see 2 soldier ants and a hornet.

Vanquished Creatures
  A hornet (D:9)
  Sigmund (D:5)
  A sky beast (D:8)
  A black bear (D:6)
  3 orc warriors
  2 phantoms
  3 ogres
  A centaur (D:6)
  An eye of draining (D:8)
  A gnoll sergeant (D:5)
  2 bullfrogs (D:6)
  3 scorpions
  A water moccasin skeleton (D:7)
  3 howler monkeys
  3 crimson imps
  2 bullfrog zombies (D:5)
  A quasit (D:6)
  A jelly (D:4)
  2 hounds
  3 orc priests
  10 orc wizards
  A gnoll shaman (D:5)
  4 iguanas
  Terence (D:2)
  Natasha (thrice) (D:4 D:6)
  6 worker ants
  A hound skeleton (D:4)
  A howler monkey skeleton (D:5)
  10 gnolls
  11 adders
  2 shadow imps
  2 oozes (D:1)
  2 worms
  2 dart slugs
  3 leopard geckos
  26 orcs
  5 bats
  5 giant cockroaches
  9 goblins
  5 hobgoblins
  16 jackals
  6 kobolds
  2 quokkas (D:5)
  3 frilled lizards
  A leopard gecko skeleton (D:7)
  9 rats
182 creatures vanquished.

Notes
Turn   | Place    | Note
-------+----------+-------------------------------------------
     0 | D:1      | oshikia the Demonspawn Gladiator began the quest for the Orb.
     0 | D:1      | Reached XP level 1. HP: 16/16 MP: 1/1
    27 | D:1      | Reached skill level 3 in Unarmed Combat
    47 | D:1      | Gained mutation: You are partially covered in sharp spines. [demonic ancestry]
    47 | D:1      | Reached XP level 2. HP: 15/22 MP: 2/2
   517 | D:1      | Gained mutation: You have a pair of small horns on your head. [demonic ancestry]
   517 | D:1      | Reached XP level 3. HP: 27/27 MP: 3/3
  1020 | D:1      | Reached skill level 4 in Unarmed Combat
  1761 | D:2      | Noticed Terence
  1788 | D:2      | Killed Terence
  1788 | D:2      | Gained mutation: You have large cloven feet. [demonic ancestry]
  1788 | D:2      | Reached XP level 4. HP: 24/33 MP: 4/4
  2174 | D:3      | Reached skill level 5 in Unarmed Combat
  2182 | D:3      | Found a shattered altar of Ashenzari.
  2316 | D:3      | Gained mutation: You have sharp fingernails. [demonic ancestry]
  2316 | D:3      | Reached XP level 5. HP: 35/38 MP: 5/5
  2357 | D:3      | Found a deep blue altar of Sif Muna.
  2368 | D:3      | Found a glowing golden altar of the Shining One.
  2731 | D:4      | Reached skill level 1 in Stealth
  2926 | D:4      | Noticed Natasha
  2936 | D:4      | Killed Natasha
  3215 | D:4      | Found a basalt altar of Yredelemnul.
  3218 | D:4      | Noticed a phantom
  3218 | D:4      | Noticed Natasha
  3228 | D:4      | Killed Natasha
  3228 | D:4      | Reached XP level 6. HP: 40/44 MP: 6/6
  3264 | D:4      | Reached skill level 6 in Unarmed Combat
  3792 | D:4      | Reached XP level 7. HP: 21/50 MP: 7/7
  3983 | D:4      | Got a slimy whip
  4194 | D:4      | Identified the +6 whip of the Fox {venom, +Inv rElec Dex+3} (You found it on level 4 of the Dungeon)
  4250 | D:5      | Entered Level 5 of the Dungeon
  4253 | D:5      | Noticed Sigmund
  4279 | D:5      | Killed Sigmund
  4279 | D:5      | Reached skill level 7 in Unarmed Combat
  4591 | D:5      | Found Ymmoalouso's Weapon Shoppe.
  4628 | D:5      | Gained mutation: You are immune to rotting. [demonic ancestry]
  4628 | D:5      | Reached XP level 8. HP: 47/56 MP: 8/8
  4716 | D:5      | Reached skill level 8 in Unarmed Combat
  4741 | D:5      | Found a staircase to the Ecumenical Temple.
  4814 | Temple   | Entered the Ecumenical Temple
  4863 | Temple   | Became a worshipper of Dithmenos the Shadowed
  4895 | D:5      | Gained mutation: Your spells are a little harder to cast, but a little more powerful. [potion of mutation]
  4895 | D:5      | Gained mutation: You are robust. (+10% HP) [potion of mutation]
  5108 | D:5      | Reached skill level 5 in Stealth
  5276 | D:6      | Noticed Natasha
  5283 | D:6      | Killed Natasha
  5384 | D:6      | Reached skill level 9 in Unarmed Combat
  5475 | D:6      | Found a radiant altar of Vehumet.
  5686 | D:6      | Reached skill level 1 in Armour
  5690 | D:6      | Reached XP level 9. HP: 29/68 MP: 9/9
  5912 | D:6      | Found a deep blue altar of Sif Muna.
  5919 | D:6      | Reached * piety under Dithmenos
  6317 | D:7      | Found Hiphass's General Store.
  6742 | D:8      | Reached skill level 1 in Spellcasting
  6848 | D:8      | Found a staircase to the Lair.
  7041 | D:8      | Reached skill level 10 in Unarmed Combat
  7045 | D:8      | Reached skill level 1 in Shields
  7248 | D:9      | Paralysed by a hornet for 3 turns
  7253 | D:9      | Paralysed by a hornet for 3 turns
  7255 | D:9      | Slain by a hornet

Skill      XL: |  1  2  3  4  5  6  7  8  9 |
---------------+----------------------------+-----
Unarmed Combat | 3 4 5 6 7 9 10 | 10.1
Stealth        | 1 3 4 5 6 |  6.2
Armour         | 1 2 |  2.7
Dodging        | 3 |  3.7
Fighting       | 3 |  3.5
Spellcasting   | 1 |  1.7
Shields        | 1 |  1.3
Throwing       | |  1.7

Action                   |  1- 3 |  4- 6 |  7- 9 || total
-------------------------+-------+-------+-------++-------
Melee: Unarmed           |   110 |   129 |     8 ||   247
       Headbutt          |    10 |    20 |    62 ||    92
       Punch             |     2 |     2 |    10 ||    14
       Kick              |       |    40 |    93 ||   133
       Whip              |       |       |   250 ||   250
Throw: Throwing net      |     1 |     1 |     1 ||     3
 Abil: Evoke Invisibilit |       |       |     1 ||     1
  Use: Potion            |     1 |       |    11 ||    12
       Scroll            |       |       |     1 ||     1
 Stab: Distracted        |     1 |       |     1 ||     2
       Held in net/web   |     1 |       |     1 ||     2
       Sleeping          |     1 |     1 |    13 ||    15
       Invisible         |       |       |     1 ||     1
  Eat: Chunk             |     3 |     6 |    11 ||    20
Armor: Leather armour    |    22 |     9 |    28 ||    59
Dodge: Dodged            |    63 |    58 |   147 ||   268
Block: Buckler           |       |       |    13 ||    13
